 Dungeon Crawl Stone Soup version 0.28.0-43-g3370ac3207 (webtiles) character file.

Game seed: 2535693418395043858

19046 pkoi the Zephyrmancer (level 12, -5/100 HPs)
             Began as a Demigod Air Elementalist on Mar 26, 2022.
             Slain by a flying skull (9 damage)
             ... in a Gauntlet on Mar 27, 2022.
             The game lasted 00:29:06 (26139 turns).

pkoi the Zephyrmancer (Demigod Air Elementalist)   Turns: 26139, Time: 00:29:06

Health: -5/100     AC:  8    Str: 14    XL:     12   Next: 6%
Magic:  11/28      EV: 14    Int: 30    God:
Gold:   179        SH:  0    Dex: 15    Spells: 2/27 levels left

rFire   + . .      SeeInvis .   s - +0 lajatang (spect)
rCold   + + .      Faith    .   (shield currently unavailable)
rNeg    + . .      Spirit   .   q - +3 leather armour
rPois   +          Reflect  .   p - -2 hat of the Alchemist {rElec rPois rF+ rC+ rN+ Will+ rMut rCorr}
rElec   +          Harm     .   D - +1 cloak
rCorr   +          Rampage  .   (no gloves)
rMut    +          NoTele   +   (no boots)
Will    ++...                   u - amulet of regeneration
Stlth   ++........              v - ring of wizardry
HPRegen 1.06/turn               d - ring of the Octopus King {rC+ AC+1 EV+1 Str+1 Int+1 Dex+1}
MPRegen 0.21/turn

@: studying Shields
A: high MP 1, forlorn, divine attributes
a: no special abilities


You were in a Gauntlet.
You visited 3 branches of the dungeon, and saw 14 of its levels.
You also visited: Sewer and Gauntlet.

You collected 813 gold pieces.
You spent 634 gold pieces at shops.

Inventory:

Hand Weapons
 b - a +0 club
 s - a +0 spectral lajatang (weapon)
 w - the +6 dagger of the Goat {freeze, Fly rN++ Str-5 SInv}
   (You found it on level 7 of the Dungeon)

   It freezes those it strikes, dealing additional cold damage.
   It can also slow down cold-blooded creatures.
   Str:       It affects your strength (-5).
   rN:        It greatly protects you from negative energy.
   SInv:      It lets you see invisible.
   Fly:       It grants you flight.
Missiles
 t - 30 poisoned darts
Armour
 p - the -2 hat of the Alchemist (worn) {rElec rPois rF+ rC+ rN+ Will+ rMut rCorr}
   (You found it in a sewer)

   rF:        It protects you from fire.
   rC:        It protects you from cold.
   rElec:     It insulates you from electricity.
   rPois:     It protects you from poison.
   rN:        It protects you from negative energy.
   rCorr:     It protects you from acid and corrosion.
   rMut:      It protects you from mutation.
   Will:      It increases your willpower.
 q - a +3 leather armour (worn)
 D - a +1 cloak (worn)
Magical Staves
 F - a staff of conjuration
Jewellery
 d - a ring of the Octopus King (right hand) {rC+ AC+1 EV+1 Str+1 Int+1 Dex+1}
   (You found it on level 9 of the Dungeon)

   [ring of protection from cold]

   AC:        It affects your AC (+1).
   EV:        It affects your evasion (+1).
   Str:       It affects your strength (+1).
   Int:       It affects your intelligence (+1).
   Dex:       It affects your dexterity (+1).
   rC:        It protects you from cold.
 e - a ring of willpower
 f - a ring of ice
 k - a ring of poison resistance
 o - a ring of fire
 u - an amulet of regeneration (around neck)
 v - a ring of wizardry (left hand)
 A - the ring of Musif {rC+ Int+3}
   (You took it off a centaur on level 6 of the Dungeon)

   [ring of protection from cold]

   Int:       It affects your intelligence (+3).
   rC:        It protects you from cold.
 H - a ring of fire
 I - the ring "Utopouxto" {Dex+3 SInv}
   (You found it in a Gauntlet)

   [ring of see invisible]

   Dex:       It affects your dexterity (+3).
   SInv:      It lets you see invisible.
Wands
 x - a wand of acid (22)
 y - a wand of mindburst (3)
 z - a wand of flame (22)
 C - a wand of paralysis (7)
Scrolls
 a - a scroll of identify
 c - 5 scrolls of blinking
 g - 3 scrolls of fog
 l - 2 scrolls of teleportation
 n - 3 scrolls of enchant weapon
 E - a scroll of brand weapon
 G - 2 scrolls of amnesia
 J - a scroll of silence
Potions
 h - a potion of resistance
 i - 3 potions of curing
 j - 2 potions of cancellation
 m - 3 potions of might
 r - a potion of haste
 B - a potion of berserk rage


   Skills:
 + Level 7.4 Fighting
 + Level 6.9 Armour
 + Level 3.8 Dodging
 - Level 1.7 Stealth
 + Level 8.3 Spellcasting
 + Level 4.8 Conjurations
 + Level 4.8 Fire Magic
 + Level 10.6 Air Magic
 + Level 2.9 Evocations


You had 2 spell levels left.
You knew the following spells:

 Your Spells              Type           Power      Damage    Failure   Level
a - Shock                 Conj/Air       100%       1d9       1%          1
b - Static Discharge      Conj/Air       56%        N/A       1%          2
c - Airstrike             Air            33%        N/A       1%          4
d - Swiftness             Air            67%        N/A       1%          3
e - Sticky Flame          Conj/Fire      41%        2d6       2%          4
f - Fireball              Conj/Fire      20%        3d10      8%          5
g - Conjure Ball Lightni  Conj/Air       28%        3x3d8     12%         6

Your spell library contained the following spells:

 Spells                   Type           Power      Damage    Failure   Level
 Beastly Appendage        Tmut           24%        N/A       1%          1
 Wereblood                Tmut           12%        N/A       3%          2
 Spider Form              Tmut/Pois      12%        N/A       6%          3
 Iskenderun's Battlesphe  Conj           41%        2d9       8%          5
 Dispel Undead            Necr           12%        3d9       19%         4
 Orb of Destruction       Conj           20%        9d8       89%         7


Dungeon Overview and Level Annotations

Branches:
Dungeon (12/15)            Temple (1/1) D:6            Lair (1/6) D:11
    Orc (0/2) D:11          Sewer (visited)         Gauntlet (1/1)

Shops:
D:4 *   D:11 *![

Annotations:
D:7 3 runed translucent doors, hehateme's ghost, novice KoSu
D:9 3 runed translucent doors, crimpus's ghost, novice TrBe; nickcage's ghost, novice MiFi; yahweh's ghost, novice MiBe Gauntlet 21 runed translucent doors, 11 transporters


Innate Abilities, Weirdness & Mutations

You have an increased reservoir of magic. (+10% MP)
You shall have no god before yourself.
Your divine heritage dramatically boosts your attributes as you level up.


Message History

The wizard shouts, "You can't withstand my power!"
Unknown command.
Casting: Static Discharge (safe; 1% risk of failure)
Confirm with . or Enter, or press ? or * to list all spells.
A blue arc grounds itself harmlessly.
The flying skull burns!
The flying skull barely misses you. The flying skull hits you!
* * * LOW HITPOINT WARNING * * *
The flying skull hits you but does no damage.
Unknown command.
Casting: Static Discharge (safe; 1% risk of failure)
Confirm with . or Enter, or press ? or * to list all spells.
The air crackles with electrical energy.
The flying skull burns!
The flying skull stops burning.
The flying skull hits you but does no damage.
The flying skull misses you. The flying skull hits you!
* * * LOW HITPOINT WARNING * * *
The flying skull barely misses you. The flying skull misses you.
The flying skull hits you.
* * * LOW HITPOINT WARNING * * *
Unknown command.
Casting: Static Discharge (safe; 1% risk of failure)
Confirm with . or Enter, or press ? or * to list all spells.
Aiming: Sticky Flame (mildly dangerous; 2% risk of failure)
Press: ? - help, Shift-Dir - straight line, f/p - flying skull
Aim: a flying skull (severely damaged, 100% to hit)
The sticky flame hits the flying skull.
The flying skull completely resists.
The flying skull is severely damaged.
The flying skull is covered in liquid flames!
The flying skull burns!
The flying skull hits you.
* * * LOW HITPOINT WARNING * * *
The flying skull hits you.
* * * LOW HITPOINT WARNING * * *
The flying skull closely misses you.
You hit the flying skull but do no damage.
The flying skull is severely damaged.
The flying skull burns! x2; The flying skull hits you.
* * * LOW HITPOINT WARNING * * *
The flying skull hits you but does no damage.
The flying skull misses you. x2; The flying skull hits you!
You die...

..#...#..#...#.^..#..^5#..#
.......ZZ#...#.55###...#..###
......ZZZ#...#5pp55....#..#8#
##########...###########..###
...........≈....#.©.#.....#
..........≈8§...#...#.8...###
...........≈....#.©.#.....#8#
##########...###########..###
..:!©....#...#.z@zzzz..#..#
.........#...#.##zzz##.#..###
..#+++#GG#...#.#.###.#.#..#8#
++#...#++#...#..##.##..#..###
..+...+..#...#....©.z..#..#
..+...+..#...#.z##.##..#..###
++#+#+#++#...#.#.###.#.#..#8#
..+...+..#.∩.#z##z..##.#..###
..+.©.+..#...#zz.......#..#


You could see 2 wizards, 8 flying skulls, a white imp and 4 shadow imps.

Vanquished Creatures
  A hydra (D:12)
  A boulder beetle (D:12)
  Erica (D:11)
  2 two-headed ogres
  An ugly thing (D:12)
  2 manticores
  An unseen horror (D:12)
  2 cane toads (Lair:1)
  2 komodo dragons
  A kobold demonologist (D:12)
  5 trolls
  A hornet (D:8)
  5 slime creatures
  3 hogs
  15 yaks
  2 wraiths
  Grum (D:11)
  2 wyverns
  A human (D:7)
  8 vampire mosquitoes
  An acid dragon (D:10)
  5 orc warriors
  An ice beast (D:6)
  A sky beast (D:7)
  3 necrophages
  8 centaurs
  9 ogres
  2 phantoms
  4 wolves (D:11)
  6 kobold brigands
  A gnoll sergeant (D:11)
  4 bullfrogs
  A wyvern zombie (D:7)
  A scorpion (D:5)
  A water moccasin skeleton (D:6)
  15 killer bees
  11 howler monkeys
  2 electric eels (D:10)
  3 wights (D:9)
  A bullfrog zombie (D:6)
  4 centaur zombies
  A hound (D:6)
  A jelly (D:8)
  4 orc priests
  2 centaur skeletons
  4 bullfrog skeletons (D:5)
  5 iguanas
  5 orc wizards
  A hound skeleton (D:5)
  A howler monkey skeleton (D:7)
  Robin (D:4)
  A howler monkey zombie (D:6)
  8 gnolls
  14 adders
  A shadow imp (D:7)
  A white imp (D:7)
  An ufetubus (D:5)
  4 dart slugs
  21 orcs
  9 ball pythons
  A bat (D:3)
  8 endoplasms
  17 giant cockroaches
  6 goblins
  7 hobgoblins
  4 jackals (D:1)
  16 kobolds
  11 quokkas
  12 frilled lizards
  5 rats
313 creatures vanquished.

Vanquished Creatures (others)
  28 plants (D:11)
  32 withered plants
60 creatures vanquished.

Grand Total: 373 creatures vanquished

Notes
Turn   | Place    | Note
-------+----------+-------------------------------------------
     0 | D:1      | pkoi the Demigod Air Elementalist began the quest for the
                  | Orb.
     0 | D:1      | Reached XP level 1. HP: 14/14 MP: 5/5
    70 | D:1      | Reached skill level 3 in Air Magic
   516 | D:1      | Reached XP level 2. HP: 20/20 MP: 4/7
   973 | D:1      | Learned a level 2 spell: Static Discharge
  1603 | D:2      | Reached XP level 3. HP: 26/26 MP: 4/8
  1647 | D:2      | Reached skill level 4 in Air Magic
  2368 | D:2      | Reached XP level 4. HP: 33/33 MP: 1/10
  2675 | D:3      | Learned a level 4 spell: Airstrike
  4316 | D:4      | Reached skill level 5 in Air Magic
  4316 | D:4      | Reached XP level 5. HP: 35/38 MP: 6/12
  4403 | D:4      | Found Voesawni's General Store.
  4484 | D:4      | Noticed a necrophage
  4526 | D:4      | Killed a necrophage
  4674 | D:4      | Reached XP level 6. HP: 45/45 MP: 11/13
  4689 | D:4      | Noticed Robin
  4696 | D:4      | Killed Robin
  4862 | D:4      | Found a glowing drain.
  4871 | Sewer    | Entered a sewer
  5308 | Sewer    | Reached skill level 6 in Air Magic
  5478 | Sewer    | Found the -2 hat of the Alchemist {rElec rPois rF+ rC+ rN+
                  | Will+ rMut rCorr}
  6394 | D:5      | Entered Level 5 of the Dungeon
  6848 | D:5      | Learned a level 3 spell: Swiftness
  6864 | D:5      | Noticed a wyvern
  6874 | D:5      | Killed a wyvern
  6875 | D:5      | Reached skill level 1 in Armour
  6875 | D:5      | Reached XP level 7. HP: 12/50 MP: 5/16
  7143 | D:5      | Reached skill level 7 in Air Magic
  7548 | D:5      | Learned a level 4 spell: Sticky Flame
  7778 | D:6      | Reached skill level 1 in Conjurations
  8099 | D:6      | Identified the +0 ring mail of Zaheotz {Harm rElec}
  8238 | D:6      | Reached skill level 1 in Fire Magic
  8238 | D:6      | Reached XP level 8. HP: 57/57 MP: 4/18
  8436 | D:6      | Found a staircase to the Ecumenical Temple.
  8448 | Temple   | Entered the Ecumenical Temple
  8736 | D:6      | Identified the ring of Musif {rC+ Int+3}
 10116 | D:7      | Noticed a death knight
 10349 | D:7      | Reached skill level 1 in Fighting
 10429 | D:7      | Noticed hehateme's ghost (novice KoSu)
 10468 | D:7      | Reached skill level 5 in Spellcasting
 10520 | D:7      | Found a runed translucent gate.
 10524 | D:7      | Found a runed translucent gate.
 10524 | D:7      | Found a runed translucent gate.
 10781 | D:6      | HP: 2/59 [hog (8)]
 11290 | D:7      | Reached skill level 8 in Air Magic
 11290 | D:7      | Reached XP level 9. HP: 67/67 MP: 7/20
 12935 | D:7      | Identified the +6 dagger of the Goat {freeze, Fly rN++
                  | Str-5 SInv}
 13304 | D:8      | Reached skill level 5 in Armour
 15618 | D:9      | Reached XP level 10. HP: 62/80 MP: 10/23
 15865 | D:9      | Reached skill level 9 in Air Magic
 16436 | D:9      | Found a runed translucent gate.
 16437 | D:9      | Found a runed translucent gate.
 16437 | D:9      | Found a runed translucent gate.
 16439 | D:9      | Noticed crimpus's ghost (novice TrBe)
 16439 | D:9      | Noticed yahweh's ghost (novice MiBe)
 16444 | D:9      | Noticed nickcage's ghost (novice MiFi)
 16484 | D:9      | Found the ring of the Octopus King
 16489 | D:9      | Identified a ring of the Octopus King {rC+ AC+1 EV+1 Str+1
                  | Int+1 Dex+1}
 16649 | D:10     | Entered Level 10 of the Dungeon
 17739 | D:10     | Reached skill level 5 in Fighting
 18666 | D:10     | Noticed a two-headed ogre
 18718 | D:10     | Killed a two-headed ogre
 19340 | D:11     | Identified a scroll of acquirement
 19447 | D:11     | Found Sodescheacs's Distillery.
 19583 | D:11     | Learned a level 5 spell: Fireball
 19583 | D:11     | Acquired a staff of conjuration
 19597 | D:11     | Bought a potion of degeneration for 14 gold pieces
 19677 | D:11     | Reached skill level 10 in Air Magic
 19845 | D:11     | Noticed Grum
 19892 | D:11     | Killed Grum
 20143 | D:11     | Found Ytsimoxi's Antique Armour Shop.
 20148 | D:11     | Bought a blackened troll leather armour for 620 gold pieces
 20148 | D:11     | Identified the +3 troll leather armour of Miasezat {Rampage
                  | Regen+ Int+2 Dex+4 Slay-6} (You bought it in a shop on
                  | level 11 of the Dungeon)
 20184 | D:11     | Noticed a manticore
 20189 | D:11     | Killed a manticore
 20190 | D:11     | Reached XP level 11. HP: 41/89 MP: 6/26
 20397 | D:11     | Learned a level 6 spell: Conjure Ball Lightning
 20518 | D:11     | Found a staircase to the Orcish Mines.
 22118 | D:11     | Noticed Erica
 22139 | D:11     | Killed Erica
 22411 | D:11     | Found a staircase to the Lair.
 22427 | D:11     | Found Ofysaor's Assorted Antiques.
 22469 | D:12     | Noticed a boulder beetle
 22635 | D:12     | Reached skill level 1 in Evocations
 22721 | D:12     | Killed a boulder beetle
 23329 | D:12     | Noticed a four-headed hydra
 23341 | D:12     | Killed a four-headed hydra
 24603 | D:12     | Noticed a two-headed ogre
 24607 | D:12     | Killed a two-headed ogre
 25634 | Lair:1   | Entered Level 1 of the Lair of Beasts
 25749 | Lair:1   | Reached XP level 12. HP: 100/100 MP: 10/28
 25793 | Lair:1   | Found a gate leading to a gauntlet.
 25802 | Gauntlet | Entered a Gauntlet
 25802 | Gauntlet | Found a large runed translucent door.
 25802 | Gauntlet | Found a large runed translucent door.
 25802 | Gauntlet | Found a large runed translucent door.
 25802 | Gauntlet | Found a large runed translucent door.
 25802 | Gauntlet | Found a runed translucent door.
 25802 | Gauntlet | Found a large runed translucent door.
 25802 | Gauntlet | Found a large runed translucent door.
 25802 | Gauntlet | Found a transporter.
 25802 | Gauntlet | Found a transporter.
 25802 | Gauntlet | Found a large runed translucent door.
 25802 | Gauntlet | Found a large runed translucent door.
 25802 | Gauntlet | Found a runed translucent gate.
 25802 | Gauntlet | Found a runed translucent gate.
 25802 | Gauntlet | Found a transporter.
 25802 | Gauntlet | Found a transporter.
 25909 | Gauntlet | Found a transporter.
 25919 | Gauntlet | Found a transporter.
 25977 | Gauntlet | Found a runed translucent door.
 25978 | Gauntlet | Found a large runed translucent door.
 25978 | Gauntlet | Found a large runed translucent door.
 25978 | Gauntlet | Found a large runed translucent door.
 25978 | Gauntlet | Found a large runed translucent door.
 25979 | Gauntlet | Found a large runed translucent door.
 25979 | Gauntlet | Found a large runed translucent door.
 25980 | Gauntlet | Found a large runed translucent door.
 25980 | Gauntlet | Found a large runed translucent door.
 25984 | Gauntlet | Found a transporter.
 25994 | Gauntlet | Found a transporter.
 26009 | Gauntlet | Found a transporter.
 26019 | Gauntlet | Found a transporter.
 26034 | Gauntlet | Found a transporter.
 26040 | Gauntlet | Found a transporter.
 26063 | Gauntlet | Found a runed translucent gate.
 26123 | Gauntlet | Identified the ring "Utopouxto" {Dex+3 SInv}
 26139 | Gauntlet | HP: 4/100 [flying skull (5)]
 26139 | Gauntlet | Slain by a flying skull

Illustrated notes

Levels and vault maps discovered:
D:1:      eino_arrival_cavern_b, layout_basic
D:2:      layout_basic, basic_altar, hellmonk_ecumenical_altar_run_dry
D:3:      layout_loops_corners
D:4:      layout_basic, xom_teletrap_fun, serial_shops, shop,
          portal_sewer_entry_b, uniq_robin
D:5:      layout_basic
D:6:      layout_loops_cross, minmay_temple_entry_ruins,
          nicolae_elevator_lobby_plus
D:7:      layout_loops_ring, gammafunk_ghost_split,
          amcnicky_mini_corridor_feature, minmay_misc_feat_encased,
          grunt_livestock, minmay_manual_mandibuliform
D:8:      layout_basic, minitemple
D:9:      layout_loops_ring, gammafunk_ghost_cemetery
D:10:     layout_cave_pools, dpeg_stationary_puzzle
D:11:     layout_roguey, david_lair_shrubbed,
          kennysheep_orc_monster_closet_entryway, serial_shops, kennysheep_mini,
          nicolae_shop_crystal, nicolae_stop_n_shop_1, uniq_grum, uniq_erica
D:12:     layout_loops_cross
Temple:   minmay_crystal_spiral_temple
Lair:1:   layout_long_grid, gauntlet_entry_generic, grunt_megastairs_1,
          infiniplex_staircase_pool_2
Gauntlet: gammafunk_gauntlet_shortcut [gammafunk_gauntlet_arena_corners,
          nicolae_gauntlet_arena_t_cross,
          minmay_gauntlet_arena_make_your_own_arena,
          gammafunk_gauntlet_arena_split_diamond,
          gammafunk_gauntlet_arena_mazey, gammafunk_gauntlet_arena_hedges,
          gauntlet_exit_hidden_loot]

Skill      XL: |  1  2  3  4  5  6  7  8  9 10 11 |
---------------+----------------------------------+-----
Air Magic      | 3 4 5 6 7 8 10 | 10.6
Spellcasting   | 2 3 4 5 6 7 8 |  8.3
Armour         | 1 2 3 5 6 |  6.9
Conjurations   | 1 3 4 |  4.8
Fire Magic     | 1 3 4 |  4.8
Fighting       | 2 4 6 7 |  7.4
Dodging        | 3 |  3.8
Evocations     | 2 |  2.9
Stealth        | |  1.7

Action                   |  1- 3 |  4- 6 |  7- 9 | 10-12 || total
-------------------------+-------+-------+-------+-------++-------
Melee: Unarmed           |    28 |       |       |       ||    28
       Punch             |     1 |       |     1 |     2 ||     4
       Whip              |    11 |     9 |     9 |       ||    29
       Dagger            |       |       |    17 |    27 ||    44
       Staff             |       |       |       |    17 ||    17
       Lajatang          |       |       |       |    22 ||    22
 Cast: Shock             |    84 |   205 |    33 |     4 ||   326
       Airstrike         |       |       |   147 |   222 ||   369
       Static Discharge  |       |       |       |    30 ||    30
       Sticky Flame      |       |       |       |    15 ||    15
       Fireball          |       |       |       |     2 ||     2
Evoke: Wand              |       |       |     9 |       ||     9
  Use: Scroll            |     1 |     4 |     3 |    10 ||    18
       Potion            |       |       |       |     1 ||     1
Armor: Robe              |     5 |     7 |       |       ||    12
       Leather armour    |       |     1 |    26 |    86 ||   113
Dodge: Dodged            |    55 |    33 |    52 |   153 ||   293
